 Dungeon Crawl Stone Soup version 0.28-a0-980-g3664467d6e (webtiles) character file.

Game seed: 8015748107912049443

439553 AarnesTheHuman the Slayer (level 24, -24/219 HPs)
             Began as a Barachi Fighter on Nov 30, 2021.
             Was the Champion of Cheibriados.
             Killed from afar by Jory (66 damage)
             ... with a crystal spear
             ... on level 4 of the Vaults on Dec 2, 2021.
             The game lasted 04:16:43 (81033 turns).

AarnesTheHuman the Slayer (Barachi Fighter)        Turns: 81033, Time: 04:16:43

Health: -24/219    AC: 37    Str: 38    XL:     24   Next: 8%
Magic:  34/35      EV: 21    Int: 29    God:    Cheibriados [******]
Gold:   2290       SH: 21    Dex: 26    Spells: 23/23 levels left

rFire   + . .      SeeInvis .   i - +7 rapier (vamp)
rCold   + + .      Faith    .   q - +0 kite shield
rNeg    + . .      Spirit   .   K - +2 gold dragon scales
rPois   +          Reflect  +   n - +2 hat {Will+}
rElec   .          Harm     .   T - +2 cloak
rCorr   .          Rampage  .   t - -1 pair of gloves of the Sea {rPois Int+4 Dex-4 Slay+4}
Will    ++++.                   H - +2 pair of boots {Stlth+}
Stlth   ..........              g - amulet of reflection
HPRegen 0.46/turn               P - ring of the Imp {rC+ Will+}
MPRegen 0.24/turn               e - ring "Neas" {rN+ Will+ Str-4 Dex+2}

@: unable to hop, studying Long Blades, very slow
A: amphibious, slowness 1, strong legs 2, +LOS
}: 2/15 runes: barnacled, gossamer
a: Hop, Renounce Religion, Bend Time, Temporal Distortion, Slouch, Step From
Time


You were on level 4 of the Vaults.
You worshipped Cheibriados.
Cheibriados was exalted by your worship.
You visited 8 branches of the dungeon, and saw 43 of its levels.
You also visited: Trove, Ossuary and Bailey.

You collected 5665 gold pieces.
You spent 3375 gold pieces at shops.

Inventory:

Hand Weapons
 a - a +9 rapier of electrocution
 b - the +7 hunting sling of the Spectre {flame, rC+}
   (You found it on level 2 of the Vaults)

   Any ammunition fired from it burns those it strikes, dealing additional fire
   damage.
   rC:        It protects you from cold.
 i - a +7 vampiric rapier (weapon)
 U - the +9 dagger of Karowauf {drain, +Blink rElec rPois}
   (You found it on level 6 of the Lair of Beasts)

   A truly terrible weapon, it drains the life of any living foe it strikes.
   rElec:     It insulates you from electricity.
   rPois:     It protects you from poison.
   +Blink:    It lets you blink.
Missiles
 u - 265 sling bullets
 y - a silver boomerang
 z - 3 silver javelins
 C - 74 poisoned darts
 L - 13 boomerangs (quivered)
 O - 14 atropa-tipped darts
 R - 11 throwing nets
 S - 3 javelins
Armour
 n - a +2 hat of willpower (worn)
 q - a +0 kite shield (worn)
 t - the -1 pair of gloves of the Sea (worn) {rPois Int+4 Dex-4 Slay+4}
   (You found it on level 3 of the Shoals)

   Int:       It affects your intelligence (+4).
   Dex:       It affects your dexterity (-4).
   Slay:      It affects your accuracy & damage with ranged weapons and melee
   (+4).
   rPois:     It protects you from poison.
 H - a +2 pair of boots of stealth (worn)
 K - +2 gold dragon scales (worn)
 T - a +2 cloak (worn)
Jewellery
 e - the ring "Neas" (right hand) {rN+ Will+ Str-4 Dex+2}
   (You found it in a treasure trove)

   [ring of positive energy]

   Str:       It affects your strength (-4).
   Dex:       It affects your dexterity (+2).
   rN:        It protects you from negative energy.
   Will:      It increases your willpower.
 g - an amulet of reflection (around neck)
 p - the ring of Ythrad {*Slow rN++ Str+4 SInv}
   (You took it off a deep elf demonologist on level 3 of the Elven Halls)

   [ring of see invisible]

   Str:       It affects your strength (+4).
   rN:        It greatly protects you from negative energy.
   SInv:      It lets you see invisible.
   *Slow:     It may slow you when you take damage.
 A - a ring of resist corrosion
 F - a ring of protection from fire
 N - a ring of flight
 P - the ring of the Imp (left hand) {rC+ Will+}
   (You bought it in a shop on level 8 of the Dungeon)

   [ring of protection from cold]

   rC:        It protects you from cold.
   Will:      It increases your willpower.
 W - a ring of protection from cold
Wands
 r - a wand of acid (11)
 B - a wand of iceblast (18)
 E - a wand of flame (11)
 V - a wand of digging (12)
Scrolls
 c - 2 scrolls of torment
 d - 16 scrolls of teleportation
 o - 3 scrolls of immolation
 s - 6 scrolls of fear
 x - 15 scrolls of blinking
 G - 11 scrolls of fog
 I - a scroll of acquirement
 M - 4 scrolls of holy word
 Q - 3 scrolls of summoning
 X - 2 scrolls of silence
 Z - 4 scrolls of magic mapping
Potions
 f - 22 potions of curing
 h - 2 potions of flight
 j - 8 potions of heal wounds
 k - 3 potions of magic
 l - 3 potions of resistance
 m - 9 potions of brilliance
 v - 3 potions of berserk rage
 w - 3 potions of cancellation
 D - 3 potions of might
 J - 7 potions of ambrosia
Miscellaneous
 Y - a phantom mirror


   Skills:
 + Level 24.9 Fighting
 - Level 13.8(14.0) Short Blades
 - Level 3.3(10.3) Long Blades
 + Level 18.4 Throwing
 + Level 23.4 Armour
 - Level 16.0 Dodging
 - Level 15.3 Shields
 - Level 16.0 Invocations
 - Level 6.0 Evocations


You had 23 spell levels left.
You didn't know any spells.
Your spell library contained the following spells:

 Spells                   Type           Power      Damage    Failure   Level
 Animate Skeleton         Necr           0%         N/A       45%         1
 Apportation              Tloc           0%         N/A       45%         1
 Freeze                   Ice            0%         1d3       45%         1
 Sandblast                Erth           0%         2d4       45%         1
 Slow                     Hex            0%         N/A       45%         1
 Summon Small Mammal      Summ           0%         N/A       45%         1
 Blink                    Tloc           0%         N/A       58%         2
 Passwall                 Tmut/Erth      0%         N/A       58%         2
 Call Canine Familiar     Summ           0%         N/A       83%         3
 Confusing Touch          Hex            0%         N/A       83%         3
 Conjure Flame            Conj/Fire      0%         6-21      83%         3
 Dazzling Flash           Conj/Hex       0%         N/A       83%         3
 Frozen Ramparts          Ice            0%         1d2       83%         3
 Gell's Gravitas          Tloc           0%         N/A       83%         3
 Ignite Poison            Fire/Tmut/Pois 0%         N/A       83%         3
 Inner Flame              Hex/Fire       0%         N/A       83%         3
 Lesser Beckoning         Tloc           0%         N/A       83%         3
 Portal Projectile        Hex/Tloc       0%         N/A       83%         3
 Stone Arrow              Conj/Erth      0%         3d7       83%         3
 Teleport Other           Tloc           0%         N/A       83%         3
 Animate Armour           Summ/Erth      0%         N/A       99%         4
 Animate Dead             Necr           0%         N/A       99%         4
 Cause Fear               Hex            0%         N/A       99%         4
 Fulminant Prism          Conj/Hex       0%         3d6       99%         4
 Hailstorm                Conj/Ice       0%         3d3       99%         4
 Iskenderun's Mystic Bla  Conj/Tloc      0%         2d3       99%         4
 Leda's Liquefaction      Hex/Erth       0%         N/A       99%         4
 Sticky Flame             Conj/Fire      0%         2d3       99%         4
 Summon Ice Beast         Ice/Summ       0%         N/A       99%         4
 Agony                    Necr           0%         N/A       100%        5
 Alistair's Intoxication  Tmut/Pois      0%         N/A       100%        5
 Blade Hands              Tmut           0%         N/A       100%        5
 Borgnjor's Vile Clutch   Necr/Erth      0%         N/A       100%        5
 Excruciating Wounds      Necr           0%         N/A       100%        5
 Freezing Cloud           Conj/Ice/Air   0%         6-21      100%        5
 Lee's Rapid Deconstruct  Erth           0%         3d5*      100%        5
 Manifold Assault         Tloc           0%         N/A       100%        5
 Silence                  Hex/Air        0%         N/A       100%        5
 Summon Mana Viper        Hex/Summ       0%         N/A       100%        5
 Yara's Violent Unravell  Hex/Tmut       0%         3d3       100%        5
 Death Channel            Necr           0%         N/A       100%        6
 Dispersal                Tloc           0%         N/A       100%        6
 Eringya's Noxious Bog    Tmut/Pois      0%         N/A       100%        6
 Iron Shot                Conj/Erth      0%         9d1       100%        6
 Simulacrum               Ice/Necr       0%         N/A       100%        6
 Statue Form              Tmut/Erth      0%         N/A       100%        6
 Monstrous Menagerie      Summ           0%         N/A       100%        7
 Borgnjor's Revivificati  Necr           0%         N/A       100%        8
 Discord                  Hex            0%         N/A       100%        8
 Necromutation            Tmut/Necr      0%         N/A       100%        8
 Death's Door             Necr           0%         N/A       100%        9
 Polar Vortex             Ice            0%         N/A       100%        9


Dungeon Overview and Level Annotations

Branches:
Dungeon (15/15)            Temple (0/1) D:5            Lair (6/6) D:8
 Shoals (4/4) Lair:3       Spider (4/4) Lair:4        Slime (0/5) Lair:5
    Orc (2/2) D:12            Elf (3/3) Orc:2        Vaults (5/5) D:13
  Crypt (0/3) Vaults:2     Depths (4/4) D:15            Zot (0/5) Depths:4
Ossuary (visited)          Bailey (visited)

Altars:
Ashenzari
Cheibriados
Hepliaklqana
Makhleb
Nemelex Xobeh
Qazlal
Sif Muna
Uskayaw
Vehumet
Beogh
Jiyva

Shops:
D:8 =   D:14 (   D:15 !   Orc:1 !   Orc:2 [=??   Vaults:2 ?   Depths:1 ([(*
Depths:4 *

Portals:
Hell: Depths:1 Depths:2 Depths:3 Depths:4
Abyss: Depths:1 Depths:2 Depths:3
Pandemonium: Depths:1 Depths:2
Ziggurat: Depths:1

Annotations:
D:13 3 runed translucent doors, exclusion: 3 doors, andwaal's ghost, journeyman HOMo
Lair:5 4 runed translucent doors, exclusion: 4 doors, Vuiwum's ghost, journeyman TeSu
Spider:1 exclusion: downstairs
Elf:3 exclusion: door
Vaults:4 Jory
Depths:4 exclusion: 3 doors


Innate Abilities, Weirdness & Mutations

You are amphibious.
You cover ground slowly.
You can hop long distances.
You have an extended range of vision and can be seen from far away.


Message History

The orc knight is moderately wounded.
The sphinx's soul is no longer bound.
Jory misses you. You block Jory's attack.
You puncture the orc knight!
You feel better.
The orc knight is heavily wounded.
The orc knight barely misses you.
You hit the orc knight.
You feel better.
The orc knight is heavily wounded.
The sphinx casts a spell.
You resist with almost no effort.
Jory points at you and mumbles some strange words.
The crystal spear hits you!!!
* * * LOW HITPOINT WARNING * * *
Hop to where?
Press: ? - help, Dir - move target Boing!
You feel much better.
Throw: 13 boomerangs
Press: ? - help, Q - select action, (/) - cycle Shift-Dir - straight line, f - orc knight
Aim: an orc knight, wielding a +2 broad axe of freezing and wearing a +2 chain mail of cold resistance (heavily wounded, soul bound, strong, slow, 78% to hit)
Okay, then.
Unknown command.
Unknown command.
Aiming: Iceblast
Press: ? - help, Shift-Dir - straight line, f - orc knight
Aim: an orc knight, wielding a +2 broad axe of freezing and wearing a +2 chain mail of cold resistance (heavily wounded, soul bound, strong, slow)
The mass of ice explodes!
The iceblast engulfs the orc knight!
The orc knight partially resists.
The orc knight is severely wounded.
The iceblast engulfs the sphinx!
The sphinx is lightly wounded.
You impale the sphinx!!
You feel better.
The sphinx is heavily wounded.
You impale the sphinx!!
You feel better.
The sphinx is almost dead.
You impale the sphinx!!
You kill the sphinx!
Cheibriados appreciates the change of pace.
Jory gestures at you while chanting. The crystal spear hits you!!!
You die...

#......# #.........#
####### #......#
#.........# #..†..#
#......# #.........#
###).##
#......########.........#
.#'###
#......#......#.........#
....###
#..[[[.#......'.........#
...##.#
#..(>[.#......########'##
...'#.# #..[[(V#...<..#
#.... '#.#..#
#.....o†@.....# #....
####..# #......#......#
#.... ..###.#
######'#''##### #.... ###
### ###...[..### #...>
##..........## #....
###########....####....#
##### ....#....##..###
##....## ....#....+...#
##......# ....'....#..##
##...##..# #######


You could see Jory and an orc knight (soul bound, strong, slow).

Vanquished Creatures
  A juggernaut (Depths:4)
  Mara (Vaults:3)
  Bai Suzhen (Spider:3)
  Margery (Depths:4)
  A golden dragon (Depths:4)
  A bone dragon (Depths:4)
  The ghost of Hianofua the Tortoise, an adept DDFi of Makhleb (Vaults:2)
  3 tentacled monstrosities
  2 liches
  Asterion (Elf:3)
  A walking earthen tome (Depths:3)
  4 deep elf master archers (Elf:3)
  3 deep elf blademasters
  A kraken (Shoals:3)
  A walking divine tome (Depths:3)
  3 sphinxes
  Agnes (Spider:3)
  3 storm dragons
  A revenant (Depths:1)
  Donald (Spider:3)
  2 tengu reavers
  A draconian monk (Depths:4)
  A ghost moth (Spider:4)
  5 frost giants
  5 deep elf sorcerers
  9 vault wardens
  6 fire giants
  2 orc warlords (Orc:1)
  5 emperor scorpions
  2 deep elf elementalists (Elf:3)
  A caustic shrike zombie (Depths:2)
  A draconian annihilator (Depths:4)
  A balrug (Depths:4)
  16 very ugly things
  13 ironbound preservers
  A caustic shrike skeleton (Depths:2)
  A reaper (Depths:1)
  3 vampire knights
  A green draconian (Depths:4)
  8 stone giants
  2 black draconians (Depths:4)
  8 deep elf demonologists
  2 spark wasps
  4 dire elephants (Vaults:2)
  5 entropy weavers
  A white draconian (Depths:4)
  A yellow draconian (Depths:4)
  6 deep elf annihilators
  A purple draconian (Depths:4)
  Josephine (Orc:1)
  2 merfolk javelineers
  6 ettins
  5 fire dragons
  12 deep elf death magi
  5 deep elf high priests
  10 merfolk impalers
  9 jiangshi
  A quicksilver dragon zombie (Depths:2)
  10 yaktaur captains
  6 ice dragons
  7 great orbs of eyes
  A peacekeeper (Vaults:1)
  2 rakshasas (Depths:1)
  7 boulder beetles
  2 spriggan air magi (Depths:4)
  Harold (D:11)
  12 hydras
  9 ironbound frosthearts
  An anaconda (Lair:6)
  A catoblepas (D:13)
  32 vault guards
  6 merfolk aquamancers
  The ghost of Fipt the Convoker, a journeyman TeSu of Gozag (Shoals:3)
  5 centaur warriors
  13 ironbound thunderhulks
  An anaconda (shapeshifter) (Vaults:5)
  A satyr (Shoals:3)
  6 two-headed ogres
  2 merfolk avatars (Shoals:4)
  8 death scarabs (Spider:4)
  3 vampire magi
  A deep troll shaman (Depths:4)
  13 death yaks
  3 alligator snapping turtles
  5 orc high priests
  8 tengu warriors
  35 dancing weapons
  8 deep troll earth magi
  A titan zombie (Depths:2)
  3 spriggan berserkers (Depths:4)
  Sonja (Lair:6)
  22 deep elf knights
  A sun demon (Depths:4)
  A soul eater (Depths:1)
  Nergalle (Lair:4)
  11 hell knights
  2 titan skeletons (Depths:2)
  A spectral emperor scorpion (Spider:4)
  A fire crab (Lair:6)
  3 large abominations (Depths:2)
  2 iron trolls (Depths:4)
  A spark wasp zombie (Depths:2)
  4 glowing orange brains
  10 sea snakes
  A swamp dragon (shapeshifter) (Depths:3)
  39 deep trolls
  5 flayed ghosts
  A tengu zombie (Depths:2)
  22 deep elf archers
  12 ironbound convokers
  2 spectral wolf spiders (Spider:4)
  9 wizards
  2 phantasmal warriors (Depths:4)
  A sphinx zombie (Depths:2)
  3 lindwurms
  5 orc knights
  9 necromancers
  32 harpies
  42 deep elf pyromancers
  13 orb spiders
  27 deep elf zephyrmancers
  20 ugly things
  A wolf spider zombie (Spider:4)
  7 orc sorcerers
  6 cyclopes
  22 manticores
  6 fauns
  35 wolf spiders
  2 moths of wrath (shapeshifter)
  5 moths of wrath
  7 black mambas
  6 elephants (Lair:4)
  2 fire giant skeletons (Depths:2)
  2 gargoyles
  6 merfolk sirens
  A rust devil (Depths:1)
  The ghost of generaletaddeo the Ruffian, a novice NaTm (D:5)
  21 vault sentinels
  7 water nymphs
  A frost giant skeleton (Depths:2)
  A smoke demon (Depths:4)
  4 torpor snails
  A cane toad (shapeshifter) (D:15)
  11 cane toads
  The ghost of dvdlha the Covert, a novice SpEn (D:5)
  4 spectral redbacks (Spider:4)
  6 unseen horrors
  A spriggan zombie (Depths:2)
  4 rime drakes
  An unseen horror (shapeshifter) (Elf:1)
  11 demonic crawlers
  5 komodo dragons
  28 yaktaurs
  A redback zombie (Spider:4)
  2 freezing wraiths
  2 ice devils
  2 hellwings (Depths:1)
  A troll (shapeshifter) (D:13)
  43 jumping spiders
  7 wind drakes
  2 tengu conjurers
  25 merfolk
  10 polar bears (Lair:6)
  8 trolls
  19 slime creatures
  A spectral jumping spider (Spider:4)
  A raiju (Lair:6)
  4 spectral tarantellas (Spider:4)
  6 hornets
  4 dream sheep
  14 snapping turtles
  5 tarantella zombies (Spider:4)
  7 blink frogs
  2 jumping spider zombies (Spider:4)
  4 flying skulls (Depths:1)
  4 air elementals
  34 tarantellas
  A spriggan skeleton (Depths:2)
  An ettin skeleton (Depths:2)
  83 redbacks
  A spriggan (shapeshifter) (D:15)
  A spriggan (Depths:4)
  6 wraiths
  47 yaks
  3 fire elementals
  3 wyverns
  25 water elementals
  8 chaos spawn
  A neqoxec (Depths:1)
  5 basilisks
  Menkaure (Ossuary)
  2 swamp worms (Lair:5)
  4 small abominations (Depths:2)
  7 wargs
  A human zombie (Depths:2)
  16 hell hounds (Lair:6)
  3 acid dragons
  7 water moccasins
  A hornet zombie (Spider:4)
  A floating eye (Depths:1)
  33 orc warriors
  12 black bears
  3 ice beasts
  A meliai simulacrum (D:15)
  3 sky beasts
  16 wolves
  2 necrophages
  6 ogres
  The ghost of paps the Covert, an amateur OpDe (D:5)
  17 centaurs
  2 phantoms (D:6)
  An elf zombie (Ossuary)
  Blork the orc (D:5)
  2 kobold brigands (D:9)
  12 bullfrogs
  A gnoll sergeant (D:5)
  5 earth elementals
  3 scorpions
  9 killer bees
  12 howler monkeys
  An electric eel (Spider:1)
  4 centaur zombies
  2 gnoll shamans
  17 orc priests
  A jelly (D:6)
  2 bullfrog skeletons
  4 hell rats (Lair:6)
  4 iguanas
  23 orc wizards
  A killer bee zombie (D:7)
  4 ogre zombies (Ossuary)
  2 hound skeletons (D:4)
  7 mummies
  Robin (D:3)
  A howler monkey skeleton (D:7)
  16 gnolls
  11 adders
  A river rat (D:4)
  An ufetubus (D:5)
  2 adder zombies (Ossuary)
  A worm (D:4)
  The ghost of paps the Sneak, a weakling OpDe (D:5)
  2 dart slugs
  66 orcs
  5 endoplasms
  3 giant cockroaches
  17 goblins
  16 hobgoblins
  3 jackals
  7 quokkas
  9 ball pythons
  4 bats
  A frilled lizard (D:1)
  A gnoll zombie (Ossuary)
  2 goblin zombies (Ossuary)
  6 hobgoblin zombies (Ossuary)
  A jackal skeleton (D:4)
  24 kobolds
  5 kobold zombies (Ossuary)
  3 quokka zombies (Ossuary)
  6 rats
  5 rat zombies (Ossuary)
  A tentacle (Shoals:3)
1805 creatures vanquished.

Vanquished Creatures (others)
  A deep elf annihilator (Elf:3)
  A merfolk impaler (Shoals:4)
  A merfolk aquamancer (Shoals:4)
  A deep elf knight (Elf:3)
  A deep elf zephyrmancer (Elf:1)
  A wizard (Vaults:2)
  2 deep elf pyromancers
  A redback (Spider:3)
  53 fungi
  93 plants
  5 tentacles (Shoals:3)
  2 withered plants (D:5)
162 creatures vanquished.

Grand Total: 1967 creatures vanquished

Notes
Turn   | Place    | Note
-------+----------+-------------------------------------------
     0 | D:1      | AarnesTheHuman the Barachi Fighter began the quest for the
                  | Orb.
     0 | D:1      | Reached XP level 1. HP: 18/18 MP: 1/1
   285 | D:1      | Reached XP level 2. HP: 25/25 MP: 2/2
   815 | D:1      | Found a faded altar of an unknown god.
   836 | D:1      | Reached skill level 4 in Fighting
   845 | D:1      | Reached XP level 3. HP: 18/30 MP: 3/3
  2018 | D:2      | Reached XP level 4. HP: 37/37 MP: 4/4
  2709 | D:3      | Noticed Robin
  2712 | D:3      | Killed Robin
  2766 | D:3      | Reached skill level 1 in Short Blades
  2821 | D:3      | Reached XP level 5. HP: 34/43 MP: 5/5
  2839 | D:3      | Reached skill level 1 in Throwing
  3294 | D:3      | Found a hide-covered altar of Uskayaw.
  3600 | D:3      | Found a broken altar of Ashenzari.
  3798 | D:3      | Found a snail-covered altar of Cheibriados.
  3798 | D:3      | Found a hazy altar of Hepliaklqana.
  3802 | D:3      | Became a worshipper of Cheibriados the Contemplative
  4025 | D:4      | Found a sand-covered staircase.
  4036 | Ossuary  | Entered an ossuary
  4166 | Ossuary  | Reached XP level 6. HP: 50/50 MP: 6/6
  4214 | Ossuary  | Reached skill level 5 in Fighting
  4214 | Ossuary  | Reached skill level 5 in Armour
  4279 | Ossuary  | Reached skill level 1 in Invocations
  4294 | Ossuary  | Reached * piety under Cheibriados
  4529 | Ossuary  | Noticed Menkaure
  4553 | Ossuary  | Killed Menkaure
  4554 | Ossuary  | Reached XP level 7. HP: 25/56 MP: 6/8
  5028 | D:4      | Found a shimmering blue altar of Sif Muna.
  5526 | D:4      | Reached ** piety under Cheibriados
  5584 | D:4      | Reached skill level 6 in Fighting
  5682 | D:4      | Reached XP level 8. HP: 62/64 MP: 9/9
  6010 | D:5      | Entered Level 5 of the Dungeon
  6080 | D:5      | Found a runed translucent gate.
  6080 | D:5      | Found a runed translucent gate.
  6110 | D:5      | Found a runed translucent gate.
  6216 | D:5      | Noticed generaletaddeo's ghost (novice NaTm)
  6216 | D:5      | Noticed dvdlha's ghost (novice SpEn)
  6217 | D:5      | Noticed paps's ghost (weakling OpDe)
  6217 | D:5      | Noticed paps's ghost (amateur OpDe)
  6420 | D:5      | Found a burning altar of Makhleb.
  6596 | D:5      | Found a staircase to the Ecumenical Temple.
  6606 | D:5      | Noticed a troll
  6776 | D:6      | Reached skill level 7 in Fighting
  6997 | D:6      | Reached *** piety under Cheibriados
  7011 | D:6      | Reached XP level 9. HP: 71/72 MP: 11/11
  7062 | D:6      | Reached skill level 5 in Short Blades
  7940 | D:6      | Reached skill level 5 in Throwing
  9193 | D:8      | Reached skill level 8 in Fighting
  9344 | D:8      | Reached **** piety under Cheibriados
  9523 | D:8      | Reached skill level 5 in Invocations
  9523 | D:8      | Reached XP level 10. HP: 81/81 MP: 13/13
  9610 | D:8      | Found Sizanaz's Jewellery Emporium.
  9637 | D:8      | Found a staircase to the Lair.
  9939 | D:5      | Noticed Blork the orc
  9952 | D:5      | Killed Blork the orc
 10625 | D:9      | Found a stormy altar of Qazlal.
 10720 | D:9      | Found a flagged portal.
 10745 | Bailey   | Entered a bailey
 10931 | Bailey   | Noticed an orc knight
 10947 | Bailey   | Killed an orc knight
 10948 | Bailey   | Reached skill level 9 in Fighting
 11111 | Bailey   | Reached ***** piety under Cheibriados
 11496 | Bailey   | Found the ring of Shadows {Umbra +Inv Stlth+}
 12148 | D:10     | Entered Level 10 of the Dungeon
 12256 | D:10     | Noticed a gargoyle
 12281 | D:10     | Killed a gargoyle
 12588 | D:10     | Noticed a two-headed ogre
 12597 | D:10     | Killed a two-headed ogre
 12609 | D:10     | Reached XP level 11. HP: 90/90 MP: 15/15
 12618 | D:10     | Noticed a wizard
 12627 | D:10     | Killed a wizard
 12704 | D:8      | Bought the ring of the Imp {rC+ Will+} for 564 gold pieces
 13414 | D:11     | Identified a scroll of acquirement
 13414 | D:11     | Acquired a +1 plate armour of willpower
 13586 | D:11     | Noticed Harold
 13612 | D:11     | Killed Harold
 13613 | D:11     | Reached skill level 10 in Fighting
 13613 | D:11     | Reached skill level 10 in Armour
 13962 | D:11     | Noticed a two-headed ogre
 13976 | D:11     | Killed a two-headed ogre
 14098 | D:11     | Noticed a manticore
 14108 | D:11     | Killed a manticore
 14337 | D:12     | Noticed a five-headed hydra
 14342 | D:12     | Killed a five-headed hydra
 14382 | D:12     | Noticed a two-headed ogre
 14492 | Lair:1   | Entered Level 1 of the Lair of Beasts
 14497 | Lair:1   | Noticed an eight-headed hydra
 14506 | Lair:1   | Killed an eight-headed hydra
 14583 | Lair:1   | Noticed a four-headed hydra
 14601 | Lair:1   | Killed a four-headed hydra
 14617 | Lair:1   | Reached XP level 12. HP: 99/99 MP: 17/17
 14638 | Lair:1   | Reached skill level 11 in Fighting
 15595 | Lair:2   | Noticed an eight-headed hydra
 15599 | Lair:2   | Killed an eight-headed hydra
 16517 | Lair:3   | You fall into a shaft and drop 2 floors!
 16543 | Lair:5   | Reached ****** piety under Cheibriados
 16739 | Lair:3   | Reached skill level 10 in Short Blades
 16797 | Lair:3   | Noticed a four-headed hydra
 16802 | Lair:3   | Killed a four-headed hydra
 17116 | Lair:3   | Reached skill level 12 in Fighting
 17426 | Lair:3   | Found a staircase to the Shoals.
 17431 | Lair:3   | Gained mutation: You can hop long distances. [Barachi
                  | growth]
 17431 | Lair:3   | Reached XP level 13. HP: 108/108 MP: 19/19
 17849 | Lair:4   | Noticed Nergalle
 17856 | Lair:4   | Killed Nergalle
 17987 | Lair:4   | Found a hole to the Spider Nest.
 18071 | Lair:4   | Reached skill level 10 in Throwing
 18573 | Lair:5   | Noticed an acid blob
 18573 | Lair:5   | Noticed an acid blob
 18573 | Lair:5   | Found a runed translucent door.
 18573 | Lair:5   | Found a viscous altar of Jiyva.
 18573 | Lair:5   | Found a staircase to the Slime Pits.
 19018 | Lair:5   | Found a runed translucent gate.
 19019 | Lair:5   | Found a runed translucent gate.
 19019 | Lair:5   | Found a runed translucent gate.
 19019 | Lair:5   | Noticed an acid blob
 19019 | Lair:5   | Noticed an acid blob
 19019 | Lair:5   | Noticed an acid blob
 19021 | Lair:5   | Noticed a quicksilver ooze
 19022 | Lair:5   | Noticed an azure jelly
 19022 | Lair:5   | Noticed an acid blob
 19023 | Lair:5   | Noticed an acid blob
 19023 | Lair:5   | Noticed a great orb of eyes
 19023 | Lair:5   | Noticed Vuiwum's ghost (journeyman TeSu)
 19023 | Lair:5   | Noticed an azure jelly
 19024 | Lair:5   | Found a viscous altar of Jiyva.
 19024 | Lair:5   | Noticed an azure jelly
 19024 | Lair:5   | Noticed an acid blob
 19024 | Lair:5   | Noticed an acid blob
 19024 | Lair:5   | Noticed an azure jelly
 19025 | Lair:5   | Noticed a quicksilver ooze
 19523 | Lair:6   | Entered Level 6 of the Lair of Beasts
 19933 | Lair:5   | Reached skill level 13 in Fighting
 20048 | Lair:6   | Noticed Sonja
 20050 | Lair:6   | Killed Sonja
 20135 | Lair:5   | Reached skill level 1 in Dodging
 20313 | Lair:4   | Reached XP level 14. HP: 99/118 MP: 21/21
 20861 | Lair:6   | Reached skill level 10 in Invocations
 21423 | Lair:6   | Reached skill level 14 in Fighting
 22724 | D:12     | Found a staircase to the Orcish Mines.
 23049 | Orc:1    | Entered Level 1 of the Orcish Mines
 23421 | Orc:1    | Noticed an orc warlord
 23431 | Orc:1    | Killed an orc warlord
 23432 | Orc:1    | Reached XP level 15. HP: 127/127 MP: 22/22
 23706 | Orc:1    | Found Fekhli's Distillery.
 23844 | Orc:2    | Entered Level 2 of the Orcish Mines
 23963 | Orc:2    | Noticed an orc warlord
 24023 | Orc:2    | Noticed Josephine
 24032 | Orc:1    | Killed Josephine
 25151 | Orc:1    | Killed an orc warlord
 25152 | Orc:1    | Reached skill level 5 in Dodging
 25241 | Orc:1    | Reached skill level 15 in Fighting
 26417 | Orc:2    | Found a staircase to the Elven Halls.
 26509 | Orc:2    | Found Paha's Magic Scroll Emporium.
 26515 | Orc:2    | Found Qixtauwn's Jewellery Shop.
 26526 | Orc:2    | Found Cocwyicsoi's Armour Shop.
 26529 | Orc:2    | Found Ruacam Rafai's Magic Scroll Emporium.
 26934 | Lair:6   | Identified the +9 dagger of Karowauf {drain, +Blink rElec
                  | rPois}
 27362 | D:5      | Killed dvdlha's ghost
 27375 | D:5      | Killed generaletaddeo's ghost
 27384 | D:5      | Killed paps's ghost
 27385 | D:5      | Killed paps's ghost
 27395 | D:5      | Identified the +8 rapier "Amolacra" {drain, rC+ Dex+3}
 27690 | Orc:2    | Bought a ring of poison resistance for 280 gold pieces
 27945 | D:13     | Found a gate to the Vaults.
 28608 | Orc:2    | Bought a ring of see invisible for 210 gold pieces
 28944 | D:13     | Noticed andwaal's ghost (journeyman HOMo)
 28956 | D:13     | Found a runed translucent gate.
 28956 | D:13     | Found a runed translucent gate.
 28965 | D:13     | Found a runed translucent gate.
 29472 | D:14     | Reached skill level 5 in Shields
 29655 | D:14     | Acquired a manual of Shields
 29959 | D:14     | Reached XP level 16. HP: 136/136 MP: 24/24
 29980 | D:14     | Found Qeonos's Weapon Boutique.
 29984 | D:14     | Identified the +7 quarterstaff "Potebog" {flame, rF+ rCorr}
 30250 | D:14     | Found a sparkling altar of Nemelex Xobeh.
 30280 | D:15     | Entered Level 15 of the Dungeon
 30858 | D:15     | Found a staircase to the Depths.
 31463 | D:15     | Found Vaceweoc's Distillery.
 31797 | Spider:1 | Entered Level 1 of the Spider Nest
 33158 | Spider:2 | Reached skill level 16 in Fighting
 33626 | Spider:2 | Identified the +8 dagger "Menniulu" {venom, rF+ rCorr
                  | Int+2}
 33663 | Spider:2 | Reached skill level 15 in Armour
 34884 | Spider:3 | Reached XP level 17. HP: 101/146 MP: 24/26
 35329 | Spider:3 | Noticed Bai Suzhen
 35358 | Spider:3 | Killed Bai Suzhen
 35369 | Spider:3 | Reached skill level 17 in Fighting
 35720 | Spider:3 | Noticed Donald
 35720 | Spider:3 | Noticed Agnes
 35735 | Spider:3 | Killed Donald
 35747 | Spider:3 | Killed Agnes
 35760 | Spider:3 | HP: 7/147 [poisoned by Agnes]
 36591 | Spider:3 | Acquired the +3 Elemental Staff {rElec rF++ rC++ AC+5}
 36591 | Spider:3 | Found the +3 Elemental Staff {rElec rF++ rC++ AC+5}
 36593 | Spider:3 | Acquired a +4 quick blade
 36896 | Orc:2    | Bought a scroll of brand weapon for 260 gold pieces
 37491 | Spider:4 | Entered Level 4 of the Spider Nest
 39358 | Spider:3 | Reached skill level 10 in Shields
 41198 | Spider:4 | Got a gossamer rune of Zot
 41428 | Shoals:1 | Entered Level 1 of the Shoals
 41480 | Shoals:1 | Reached XP level 18. HP: 153/154 MP: 27/27
 41555 | Shoals:1 | Reached skill level 18 in Fighting
 41580 | Shoals:1 | Reached skill level 15 in Throwing
 41952 | Shoals:1 | Acquired a +3 rapier of electrocution
 42269 | Orc:2    | Bought a scroll of enchant weapon for 97 gold pieces
 42269 | Orc:2    | Bought a scroll of enchant armour for 97 gold pieces
 42283 | Orc:2    | Bought a scroll of enchant weapon for 127 gold pieces
 43705 | Shoals:3 | Reached skill level 15 in Shields
 44684 | Shoals:3 | Noticed Fipt's ghost (journeyman TeSu)
 44709 | Shoals:3 | Found a transporter.
 44723 | Shoals:3 | Found a transporter.
 45407 | Shoals:3 | Killed Fipt's ghost
 45418 | Shoals:3 | Identified the -1 pair of gloves of the Sea {rPois Int+4
                  | Dex-4 Slay+4}
 45532 | Shoals:4 | Entered Level 4 of the Shoals
 45689 | Shoals:4 | Identified the amulet "Jucwuts" {Acrobat rPois rN+}
 45792 | Shoals:4 | Identified the +10 spear "Grim Tooth" {vorpal, Fly Str+3}
 46308 | Shoals:4 | Reached skill level 19 in Fighting
 47012 | Shoals:4 | Reached XP level 19. HP: 156/166 MP: 28/28
 47163 | Shoals:4 | Got a barnacled rune of Zot
 47636 | Vaults:1 | Entered Level 1 of the Vaults
 49567 | Vaults:2 | Found a staircase to the Crypt.
 50077 | Vaults:2 | Reached skill level 20 in Fighting
 50254 | Vaults:2 | Acquired a manual of Dodging
 50334 | Vaults:2 | Found a portal to a secret trove of treasure.
 51525 | Vaults:2 | You paid a toll of 9 potions of haste to enter a treasure
                  | trove
 51526 | Trove    | Entered a treasure trove
 51543 | Trove    | Identified the ring of Paranoia {Int+6 Dex+4 Stlth+}
 51553 | Trove    | Identified the +2 rapier of Zuesol {drain, +Blink Dex+8
                  | SInv Stlth-}
 51555 | Trove    | Identified the ring "Neas" {rN+ Will+ Str-4 Dex+2}
 51559 | Trove    | Got Tuahuzos's Grimoire of Clay
 51588 | Trove    | Identified the amulet of Lorapus {Spirit Fly Will+}
 51605 | Trove    | Identified the +4 scale mail "Feexzeno" {rPois}
 51909 | Vaults:2 | Found a runed translucent door.
 51909 | Vaults:2 | Noticed Hianofua's ghost (adept DDFi)
 52357 | Vaults:2 | Identified the +7 hunting sling of the Spectre {flame, rC+}
 53628 | Vaults:2 | Found Ziasop's Magic Scroll Emporium.
 53661 | Vaults:2 | Bought a scroll of brand weapon for 400 gold pieces
 54599 | Vaults:2 | Bought a scroll of acquirement for 1040 gold pieces
 54688 | Vaults:3 | Reached XP level 20. HP: 178/178 MP: 30/30
 54741 | Vaults:3 | Noticed Mara
 54748 | Vaults:3 | Noticed AarnesTheHuman's illusion
 54791 | Vaults:3 | Killed Mara
 55815 | Vaults:3 | Reached skill level 10 in Dodging
 56882 | Vaults:3 | Reached skill level 21 in Fighting
 58694 | Vaults:3 | Upgraded the game from 0.28-a0-948-gee6e0bcda6 to
                  | 0.28-a0-969-g2dcde036d2
 58970 | Vaults:2 | Upgraded the game from 0.28-a0-969-g2dcde036d2 to
                  | 0.28-a0-980-g3664467d6e
 60239 | Elf:1    | Entered Level 1 of the Elven Halls
 60436 | Elf:1    | Reached XP level 21. HP: 182/188 MP: 31/31
 60679 | Elf:1    | Reached skill level 22 in Fighting
 61921 | Elf:2    | Paralysed by an air elemental for 1 turns
 62244 | Elf:1    | Paralysed by an air elemental for 1 turns
 62256 | Elf:1    | Reached skill level 15 in Dodging
 62755 | Elf:2    | Found a runed translucent gate.
 62756 | Elf:2    | Found a runed translucent gate.
 62756 | Elf:2    | Found a runed translucent gate.
 63100 | Elf:3    | Entered Level 3 of the Elven Halls
 63355 | Elf:3    | Identified the +7 flail "Embalmer" {holy, SInv}
 63544 | Elf:2    | Reached skill level 1 in Evocations
 63886 | Elf:3    | Noticed Asterion
 63888 | Elf:3    | Killed Asterion
 64783 | Elf:3    | Identified the +6 quarterstaff of Grandeur {venom, rElec
                  | Str-4 SInv}
 64783 | Elf:3    | Identified the ring of Ythrad {*Slow rN++ Str+4 SInv}
 65397 | Elf:3    | Reached XP level 22. HP: 198/198 MP: 32/32
 65541 | Elf:3    | Reached skill level 23 in Fighting
 66350 | Elf:3    | Identified the +10 scythe of Extermination {protect, rC+
                  | MP+9}
 67096 | Elf:3    | Identified the +6 spear of the Lesser Evil {vorpal, *Rage
                  | rN+ Will+ Str+6}
 68229 | Elf:2    | Reached skill level 5 in Evocations
 68865 | Depths:1 | Entered Level 1 of the Depths
 68953 | Depths:1 | Found a one-way gate to the infinite horrors of the Abyss.
 69011 | Depths:1 | Found Kuesehih's General Store.
 69014 | Depths:1 | Found Guegguru's Weapon Emporium.
 69014 | Depths:1 | Found Woetosap's Armour Shoppe.
 69033 | Depths:1 | Found Vuelufose's Antique Weapon Shoppe.
 69233 | Depths:1 | Found a one-way gate leading to the halls of Pandemonium.
 69287 | Depths:1 | Found a gateway to a ziggurat.
 69968 | Depths:1 | Found a hazy altar of Hepliaklqana.
 70185 | Depths:1 | Found a gateway to Hell.
 70510 | Depths:1 | Reached skill level 15 in Invocations
 71380 | Depths:2 | Reached XP level 23. HP: 208/208 MP: 34/34
 73026 | Depths:3 | Found a radiant altar of Vehumet.
 73209 | Depths:3 | Reached skill level 24 in Fighting
 74638 | Depths:4 | Entered Level 4 of the Depths
 75050 | Depths:4 | Found a gate to the Realm of Zot.
 75050 | Depths:4 | Noticed a golden dragon
 75094 | Depths:4 | Killed a golden dragon
 75490 | Depths:1 | Bought a scroll of enchant armour for 150 gold pieces
 76253 | Vaults:2 | Killed Hianofua's ghost
 77238 | Depths:4 | Found Etroq's Assorted Antiques.
 77387 | Depths:4 | Found a stormy altar of Qazlal.
 77390 | Depths:4 | Noticed a juggernaut
 77409 | Depths:4 | Killed a juggernaut
 78004 | Depths:4 | Noticed Margery
 78017 | Depths:4 | Killed Margery
 78721 | Depths:1 | Bought a scroll of silence for 150 gold pieces
 80611 | Vaults:5 | Entered Level 5 of the Vaults
 80780 | Vaults:5 | Noticed Jory
 80787 | Vaults:5 | Reached XP level 24. HP: 151/219 MP: 17/35
 81027 | Vaults:4 | HP: 5/219 [Jory/crystal spear (46)]
 81033 | Vaults:4 | Killed from afar by Jory

Illustrated notes

Levels and vault maps discovered:
D:1:      wander_arrival_fairy_ring, layout_loops_ring,
          nicolae_ecumenical_snake_handling, minivault_27
D:2:      layout_basic
D:3:      layout_loops_corners, mainiacjoe_overflow_swirl,
          gammafunk_temple_overflow_wave, uniq_robin
D:4:      layout_loops_corners, mainiacjoe_overflow_24_doors,
          gup_ossuary_entry_pyramid, portal_sewer_entry_a,
          kennysheep_big_empty_room
D:5:      layout_basic, mainiacjoe_overflow_boulevard, temple_pool_b,
          gammafunk_ghost_cemetery, kennysheep_path_1, uniq_blork_the_orc
D:6:      layout_basic
D:7:      layout_loops_corners, hangedman_decor_push
D:8:      layout_rooms, lair_entry_dummy, serial_shops, shop
D:9:      layout_basic, mainiacjoe_overflow_brackets, enter_bailey_2,
          grunt_decor_mini_mirrors, amcnicky_mini_pool_medium
D:10:     layout_gridville
D:11:     layout_roguey, uniq_harold
D:12:     layout_rooms, david_orc_5
D:13:     layout_stronghold, lightli_vaults_fourway_checkpoint,
          gammafunk_ghost_icy
D:14:     layout_cave_pools, minmay_misc_feat_ornament, serial_shops, shop,
          nemelex_diamond_rough_becter
D:15:     grunt_enter_depths_snipers, layout_long_grid, serial_shops,
          nicolae_lakefront_shop
Lair:1:   layout_roguey, grunt_megastairs_4
Lair:2:   layout_small_grid, grunt_megastairs_1
Lair:3:   layout_cellular_growth, minmay_shoals_entry_lonely_mermaid
Lair:4:   layout_regular_city, spider_nest_entry_rubble, serial_bayou_shore_b,
          infiniplex_staircase_pool_2, uniq_nergalle
Lair:5:   layout_misc_corridors, slime_altar_2, gammafunk_ghost_ooze,
          worms_lemuel
Lair:6:   hangedman_lair_caniforms_friends, layout_regular_city,
          infiniplex_staircase_pool, uniq_sonja
Shoals:1: layout_shoals
Shoals:2: layout_shoals
Shoals:3: layout_shoals, gammafunk_ghost_berserking_beasts
Shoals:4: shoals_end_simple, layout_shoals
Spider:1: layout_spider_delve
Spider:2: layout_spider_delve, nicolae_spider_nook
Spider:3: layout_chambers, uniq_agnes, uniq_bai_suzhen, uniq_donald
Spider:4: floodkiller_spider_rune_tomb
Orc:1:    layout_caves, basic_altar, serial_shops, shop, elf_legates
Orc:2:    st_orc_elflike, layout_diamond_mine, basic_altar, uniq_josephine
Elf:1:    eino_elf_arrival_sip, layout_geoelf_diagonals, evilmike_minifort
Elf:2:    nicolae_elf_blades_crystal_corner, layout_geoelf_grid, drop_trap
Elf:3:    minmay_elf_hall_circle, layout_onion_city, uniq_asterion
Vaults:1: nicolae_vaults_circle_grid_a, v_misc_24,
          vaults_room_grunt_arrival_ludios, dpeg_vaults_monster_box,
          layout_vaults_omnigrid
Vaults:2: gammafunk_ghost_grave, nicolae_vaults_border_crossing,
          vaults_mumra_minichess_inversion, v_alt_pattern_4,
          hangedman_vaults_nails, nicolae_vaults_twisting_passages,
          minmay_crypt_entry_simple_box, serial_ice_h,
          nicolae_vaults_inception_corners, hangedman_vaults_locks,
          ontoclasm_vaults_tryst, vaults_room_stairs_pillars,
          nicolae_vaults_holding_cells, nicolae_vaults_little_squares_5,
          layout_vaults_maze_bifur, nicolae_trove_entry_diagonal, serial_shops,
          shop
Vaults:3: v_pattern_4, v_misc_18, nicolae_vaults_little_squares_5,
          ontoclasm_vaults_eye, nicolae_vaults_hallways_thing,
          vaults_dpeg_cross, nicolae_vaults_little_squares_1,
          vaults_room_door_hall, nicolae_vaults_murderbox,
          ontoclasm_vaults_decontamination, layout_vaults_chaotic_city,
          uniq_mara
Vaults:4: ontoclasm_vaults_ring_large, v_rooms_1, ontoclasm_vaults_bender,
          vaults_standard_mumra_x, vaults_mumra_minichess, vaults_room_fours,
          v_misc_29, ontoclasm_vaults_shuriken, grunt_vaults_focal,
          vaults_room_stairs_pillars, v_misc_14, ontoclasm_vaults_ring_large,
          layout_vaults_omnibox
Vaults:5: serial_shops, uniq_sojobo, uniq_jory
Depths:1: layout_twisted_cross, enter_ziggurat_a, grunt_pan_entry_in_and_out,
          pf_hell_entry_tar_spiral, nicolae_hepliaklqana_hippocampus,
          hangedman_abyss_entry_splay, minmay_alternating_orb, minmay_shoptagon
Depths:2: hangedman_screamer, layout_gridlike, minmay_room_of_horrors,
          hell_entry, minmay_misc_feat_cross, rand_demon_pan_entry_8
Depths:3: minmay_tri_box, layout_basic, vehumet_crystals, hell_entry,
          abyss_entry_crystal, minmay_staircase_windowed_large
Depths:4: grunt_x_marks_the_spot, layout_honeycomb,
          nicolae_qazlal_style_of_elements, serial_shops,
          nicolae_lakefront_shop, lightli_too_deep, minmay_door_square,
          uniq_margery

Skill      XL: |  1  2  3  4  5  6  7  8  9 10 11 12 13 14 15 16 17 18 19 20 21 22 23 |
---------------+----------------------------------------------------------------------+-----
Armour         | 4 5 6 7 8 9 10 12 13 14 15 16 18 20 21 22 23 | 23.4
Fighting       | 4 5 6 7 8 9 10 12 13 14 15 16 17 19 20 21 22 23 24 | 24.9
Long Blades    | 3 |  3.3
Shields        | 4 6 9 13 15 | 15.3
Short Blades   | 1 2 3 4 6 7 9 10 11 13 | 13.8
Throwing       | 1 2 3 4 5 7 8 9 10 12 13 14 15 16 17 18 | 18.4
Invocations    | 1 2 3 5 6 7 8 9 10 11 12 13 14 15 16 | 16.0
Dodging        | 1 4 5 8 13 16 | 16.0
Evocations     | 3 6 |  6.0

Action                   |  1- 3 |  4- 6 |  7- 9 | 10-12 | 13-15 | 16-18 | 19-21 | 22-24 || total
-------------------------+-------+-------+-------+-------+-------+-------+-------+-------++-------
Melee: Long sword        |    88 |       |       |       |    33 |    22 |       |       ||   143
       Rapier            |    45 |   207 |   368 |   585 |  1506 |   886 |   819 |   854 ||  5270
       Dagger            |       |       |       |       |    32 |   796 |    14 |    35 ||   877
       Quick blade       |       |       |       |       |       |    15 |   340 |       ||   355
 Fire: Hunting sling     |       |       |    15 |    89 |    43 |       |   340 |   340 ||   827
Throw: Stone             |     3 |     7 |    22 |     1 |       |       |       |       ||    33
       Javelin           |       |    24 |    26 |    13 |    39 |    33 |    84 |    47 ||   266
       Boomerang         |       |       |       |   104 |   276 |   519 |   257 |   200 ||  1356
       Dart              |       |       |       |     2 |     2 |       |       |       ||     4
Invok: Bend Time         |       |       |       |     1 |       |       |     1 |     1 ||     3
       Slouch            |       |       |       |       |     1 |    18 |     3 |     8 ||    30
 Abil: Hop               |       |       |       |       |     5 |     1 |     1 |     4 ||    11
Evoke: Wand              |       |       |       |     2 |     1 |     1 |     7 |     5 ||    16
       Phantom mirror    |       |       |       |       |       |     1 |       |       ||     1
  Use: Scroll            |       |     6 |     7 |    12 |     8 |    13 |     8 |     6 ||    60
       Potion            |       |     2 |       |     2 |     1 |     4 |     1 |     4 ||    14
 Stab: Held in net/web   |       |       |       |       |       |     4 |       |       ||     4
       Distracted        |       |       |       |       |       |       |    16 |       ||    16
Armor: Scale mail        |    53 |    55 |    43 |       |       |       |       |       ||   151
       Chain mail        |       |       |   100 |    56 |       |       |       |       ||   156
       Plate armour      |       |       |       |   138 |   729 |   971 |   255 |   139 ||  2232
       Gold dragon scale |       |       |       |       |       |       |       |   106 ||   106
       Storm dragon scal |       |       |       |       |       |       |       |     5 ||     5
Dodge: Dodged            |    65 |    59 |    90 |   141 |   561 |   852 |   360 |   331 ||  2459
Block: Buckler           |    26 |    63 |   156 |   260 |   768 |       |       |       ||  1273
       Reflection        |       |       |     6 |    11 |    48 |    40 |   148 |    11 ||   264
       Kite shield       |       |       |       |       |   199 |  2115 |   792 |   602 ||  3708

Table legend: (Time is in decaauts)
 A = Elapsed time spent in this place.
 B = Non-inter-level travel time spent in this place.
 C = Inter-level travel time spent in this place.
 D = Time resting spent in this place.
 E = Time spent auto-exploring this place.
 F = Levels seen in this place.
 G = Mean time per level.
                   A        B        C        D        E       F      G
               +--------+--------+--------+--------+--------+-----+--------+
         Total | 130830 |  97924 |  32906 |  21079 |  58116 |  46 | 2844.1 |
       Dungeon |  36657 |  23451 |  13206 |   2419 |  15743 |  15 | 2443.8 |
          Lair |  16781 |  12222 |   4559 |   1357 |   8730 |   6 | 2796.8 |
        Shoals |   8996 |   7372 |   1624 |   1267 |   4670 |   4 | 2249.0 |
   Spider Nest |  13129 |  11071 |   2058 |   4161 |   4761 |   4 | 3282.2 |
  Orcish Mines |   7054 |   4239 |   2815 |   1485 |   1790 |   2 | 3527.0 |
   Elven Halls |  12380 |  10777 |   1603 |   3780 |   5306 |   3 | 4126.7 |
        Vaults |  18779 |  13875 |   4904 |   3291 |   8510 |   5 | 3755.8 |
        Depths |  14273 |  12138 |   2135 |   2681 |   7779 |   4 | 3568.2 |
         Trove |    512 |    512 |      0 |      0 |    292 |   1 |  512.0 |
       Ossuary |   1007 |   1007 |      0 |    249 |    315 |   1 | 1007.0 |
        Bailey |   1258 |   1258 |      0 |    386 |    214 |   1 | 1258.0 |
               +--------+--------+--------+--------+--------+-----+--------+

Top non-repeatable levels by time:
Vaults:2: 6414 daAuts
Spider:3: 5624 daAuts
   Elf:3: 5288 daAuts
Vaults:3: 5106 daAuts
    D:12: 4357 daAuts
  Lair:3: 4106 daAuts
Depths:1: 3971 daAuts
Vaults:1: 3717 daAuts
Depths:4: 3710 daAuts
   Orc:2: 3693 daAuts
   Elf:1: 3689 daAuts
Vaults:4: 3524 daAuts
Depths:3: 3499 daAuts
   Elf:2: 3402 daAuts
   Orc:1: 3360 daAuts
